 Dungeon Crawl Stone Soup version 0.29-a0-823-gc37b1572da (webtiles) character file.

Game seed: 12328822206444379447

107 IdlyInterested the Cudgeller (level 4, -1/52 HPs)
             Began as a Demonspawn Fighter on July 8, 2022.
             Killed from afar by an orc wizard (3 damage)
             ... with a puff of flame
             ... on level 3 of the Dungeon.
             The game lasted 00:05:41 (2889 turns).

IdlyInterested the Cudgeller (Demonspawn Fighter)   Turns: 2889, Time: 00:05:42

Health: -1/52      AC:  8    Str: 19    XL:     4   Next: 56%
Magic:  4/4        EV:  9    Int:  9    God:
Gold:   128        SH:  4    Dex: 12    Spells: 3/3 levels left

rFire   . . .      SeeInvis .   a - +0 flail
rCold   . . .      Faith    .   c - +0 buckler
rNeg    . . .      Spirit   .   b - +0 scale mail
rPois   .          Reflect  .   (no helmet)
rElec   .          Harm     .   (no cloak)
rCorr   .          Rampage  .   (no gloves)
Will    .....                   e - +0 pair of boots
Stlth   ..........              (no amulet)
HPRegen 0.17/turn               (no ring)
MPRegen 0.09/turn               (no ring)

@: berserking, very quick
A: sharp scales 1
a: no special abilities


You were on level 3 of the Dungeon.
You visited 1 branch of the dungeon, and saw 3 of its levels.

You collected 128 gold pieces.

Inventory:

Hand Weapons
 a - a +0 flail (weapon)
Missiles
 h - 2 boomerangs (quivered)
 q - a throwing net
Armour
 b - a +0 scale mail (worn)
 c - a +0 buckler (worn)
 e - a +0 pair of boots (worn)
 n - a +0 ring mail
Wands
 t - a wand of roots (4)
Potions
 d - a potion of might
 g - 2 potions of flight
 i - 3 potions of curing
 s - a potion of mutation


   Skills:
 - Level 3.0 Fighting
 + Level 3.3 Maces & Flails
 - Level 2.6 Armour
 - Level 2.6 Shields
 + Level 2.8 Evocations


You had 3 spell levels left.
You didn't know any spells.
Your spell library contained the following spells:

 Spells                   Type           Power      Damage    Failure   Level
 Olgreb's Toxic Radiance  Pois           0%         N/A       100%        4
 Ozocubu's Refrigeration  Ice            0%         4d5       100%        7
 Ignition                 Fire           0%         3d3       100%        8


Dungeon Overview and Level Annotations

Branches:
Dungeon (3/15)

Altars:

Shops:
D:3 =:


Innate Abilities, Weirdness & Mutations

You are partially covered in razor-sharp scales. (AC +1, Slay +1)


Message History

There is an open door here.
Found a stone staircase leading up.
There is a stone staircase leading up here.
There is a stone staircase leading up here.
The orc wizard shouts!
The orc shouts! x2
The orc priest invokes the aid of Beogh against you.
Beogh smites you!
The orc shouts!
The orc priest invokes the aid of Beogh against you.
Pain shoots through your body!
A red film seems to cover your vision as you go berserk!
You feel yourself moving faster!
You feel mighty!
You sock the orc!
You kill the orc!
The orc priest looks encouraged for a moment.
The orc hits you with a +0 flail.
* * * LOW HITPOINT WARNING * * *
The orc priest begins to cast a cantrip, but forgets the words!
Things that are here:
a +0 dagger; a +0 ring mail; an orc corpse You barely miss the orc priest.
The orc priest begins to cast a cantrip, but forgets the words!
The orc wizard hits you but does no damage.
The orc barely misses you.
You sock the orc priest!
The orc priest is heavily wounded.
The orc priest hits you but does no damage.
The orc barely misses you. x2
The orc wizard hits you but does no damage.
The orc priest invokes the aid of Beogh against you.
Beogh smites you!
* * * LOW HITPOINT WARNING * * *
You barely miss the orc priest.
The orc priest is heavily wounded.
Unknown command.
You sock the orc priest!
You kill the orc priest!
The orc wizard casts a spell at you. The puff of flame hits you.
You die...

#. #.oo. #...........
# #.......#...........
#.......#.##........
#.......#.##........
#.......#.##......†.
#.......#.##.......# #
#..o....#.##.......#
#.#.o)o...#.#####.####
#...o@o.....# #..###
#######....#####
##.... #.............#
#..#. #.###########.#
#.... #.# #.# ##.#.
#.# #.# #... #.# #.#
#.#. #####.# #.# #...
#.....# #.# #.#.


You could see an orc priest, an orc wizard and 3 orcs.

Vanquished Creatures
  An orc priest (D:3)
  3 adders
  A worm (D:2)
  3 dart slugs
  2 orcs (D:3)
  7 ball pythons
  3 bats
  5 endoplasms
  12 giant cockroaches
  4 goblins
  5 hobgoblins (D:1)
  6 kobolds
  3 quokkas
  4 frilled lizards
  3 rats
62 creatures vanquished.

Notes
Turn   | Place    | Note
-------+----------+-------------------------------------------
     0 | D:1      | IdlyInterested the Demonspawn Fighter began the quest for
                  | the Orb.
     0 | D:1      | Reached XP level 1. HP: 18/18 MP: 1/1
    76 | D:1      | Reached skill level 1 in Evocations
    80 | D:1      | Gained mutation: You are partially covered in razor-sharp
                  | scales. (AC +1, Slay +1) [demonic ancestry]
    80 | D:1      | Reached XP level 2. HP: 24/24 MP: 2/2
   402 | D:1      | Found a faded altar of an unknown god.
   646 | D:1      | Reached XP level 3. HP: 27/29 MP: 3/3
  1726 | D:2      | Reached XP level 4. HP: 32/35 MP: 4/4
  2385 | D:3      | Found Arun's Book Boutique.
  2532 | D:3      | Found Ratsem's Jewellery Emporium.
  2887 | D:3      | HP: 2/52 [orc priest/divine providence (14)]
  2889 | D:3      | Killed from afar by an orc wizard

Illustrated notes

Levels and vault maps discovered:
D:1:      dpeg_arrival_refuge, layout_loops_ring, nicolae_ecumenical_lake_church
D:2:      minmay_roachtagon, layout_basic
D:3:      cheibrodos_pilgrimage, layout_basic, serial_glass, glass_columns_c,
          glass_columns_a, serial_shops, shop, nicolae_shop_statue_plus

Skill      XL: |  1  2  3 |
---------------+----------+-----
Maces & Flails | 2 3 |  3.3
Evocations     | 1 2 |  2.8
Fighting       | |  3.0
Armour         | |  2.6
Shields        | |  2.6

Action                   |  1- 3 |  4- 6 || total
-------------------------+-------+-------++-------
Melee: Flail             |   124 |    67 ||   191
  Use: Potion            |     4 |     3 ||     7
       Scroll            |     3 |     7 ||    10
Armor: Scale mail        |    56 |    47 ||   103
Dodge: Dodged            |    54 |    46 ||   100
Block: Buckler           |    22 |    20 ||    42

Table legend: (Time is in decaauts)
 A = Elapsed time spent in this place.
 B = Non-inter-level travel time spent in this place.
 C = Inter-level travel time spent in this place.
 D = Time resting spent in this place.
 E = Time spent auto-exploring this place.
 F = Levels seen in this place.
 G = Mean time per level.
                   A        B        C        D        E       F      G
               +--------+--------+--------+--------+--------+-----+--------+
         Total |   2928 |   2875 |     53 |    525 |   1758 |   3 |  976.0 |
       Dungeon |   2928 |   2875 |     53 |    525 |   1758 |   3 |  976.0 |
               +--------+--------+--------+--------+--------+-----+--------+

Top non-repeatable levels by time:
     D:2: 1506 daAuts
     D:1: 793 daAuts
     D:3: 628 daAuts
